 Dungeon Crawl Stone Soup version 0.29-a0-557-g43b9904bd1 (webtiles) character file.

Game seed: 8094812342683583889

99 ders the Digger (level 4, -3/24 HPs)
             Began as a Gargoyle Earth Elementalist on June 8, 2022.
             Slain by a river rat (5 damage)
             ... on level 3 of the Dungeon.
             The game lasted 00:04:13 (2450 turns).

ders the Digger (Gargoyle Earth Elementalist)       Turns: 2450, Time: 00:04:13

Health: -3/24      AC:  6    Str: 11    XL:     4   Next: 72%
Magic:  8/8        EV: 11    Int: 18    God:
Gold:   64         SH:  0    Dex: 10    Spells: 5/9 levels left

rFire   . . .      SeeInvis .   (no weapon)
rCold   . . .      Faith    .   (no shield)
rNeg    + . .      Spirit   .   b - +0 robe
rPois   ∞          Reflect  .   (no helmet)
rElec   +          Harm     .   (no cloak)
rCorr   .          Rampage  .   (no gloves)
Will    .....                   i - +0 pair of boots
Stlth   +.........              (no amulet)
HPRegen 0.08/turn               (no ring)
MPRegen 0.11/turn               (no ring)

@: very slow
A: sickness immunity, AC +3, negative energy resistance 1, electricity
resistance, torment resistance 1, petrification resistance
a: no special abilities


You were on level 3 of the Dungeon.
You visited 1 branch of the dungeon, and saw 3 of its levels.

You collected 64 gold pieces.

Inventory:

Missiles
 a - 16 stones
Armour
 b - a +0 robe (worn)
 i - a +0 pair of boots (worn)
Scrolls
 e - 2 scrolls of immolation
 f - 3 scrolls of identify
 h - 2 scrolls of teleportation
Potions
 c - 2 potions of magic
 d - 3 potions of curing {unknown}
 l - a potion of experience {unknown}


   Skills:
 - Level 1.5 Dodging
 - Level 2.1 Stealth
 + Level 3.0 Spellcasting
 + Level 2.4 Conjurations
 - Level 0.7 Transmutations
 + Level 4.7 Earth Magic


You had 5 spell levels left.
You knew the following spells:

 Your Spells              Type           Power      Damage    Failure   Level
a - Sandblast             Erth           38%        2d10      2%          1
b - Stone Arrow           Conj/Erth      30%        3d8       11%         3

Your spell library contained the following spells:

 Spells                   Type           Power      Damage    Failure   Level
 Magic Dart               Conj           44%        1d5       6%          1
 Passwall                 Tmut/Erth      10%        N/A       9%          2
 Call Imp                 Summ           2%         N/A       24%         2
 Mephitic Cloud           Conj/Pois/Air  5%         N/A       34%         3
 Petrify                  Tmut/Erth      12%        N/A       47%         4


Dungeon Overview and Level Annotations

Branches:
Dungeon (3/15)

Altars:

Shops:
D:2 (


Innate Abilities, Weirdness & Mutations

You are immune to sickness and miasma.
Your stone body is resilient. (AC +3)
You are immune to poison.
You resist negative energy. (rN+)
You are resistant to electric shocks. (rElec)
You are resistant to unholy torment.
You are immune to petrification.


Message History

Aim: a river rat (severely wounded, 77% to hit)
The blast of sand hits the river rat but does no damage.
The river rat is severely wounded.
The river rat barely misses you.
Unknown command.
Casting: Sandblast (safe; 2% risk of failure)
Confirm with . or Enter, or press ? or * to list all spells.
Aiming: Sandblast (safe; 2% risk of failure)
Press: ? - help, Shift-Dir - straight line, f/p - river rat
Aim: a river rat (severely wounded, 77% to hit)
The blast of sand hits the river rat but does no damage.
The river rat is severely wounded.
The river rat bites you but does no damage.
Unknown command.
Your unstable footing causes you to fumble your attack.
The river rat bites you.
Your unstable footing causes you to fumble your attack.
The river rat closely misses you.
Your unstable footing causes you to fumble your attack.
The river rat bites you.
* * * LOW HITPOINT WARNING * * *
You barely miss the river rat.
The river rat is severely wounded.
The river rat bites you.
* * * LOW HITPOINT WARNING * * *
Your unstable footing causes you to fumble your attack.
The river rat misses you.
Casting: Sandblast (safe; 2% risk of failure)
Confirm with . or Enter, or press ? or * to list all spells.
Aiming: Sandblast (safe; 2% risk of failure)
Press: ? - help, Shift-Dir - straight line, f/p - river rat
Aim: a river rat (severely wounded, 77% to hit)
The blast of sand misses the river rat.
The river rat barely misses you.
Unknown command.
The river rat attacks as you move away! The river rat bites you.
* * * LOW HITPOINT WARNING * * *
The river rat bites you.
* * * LOW HITPOINT WARNING * * *
Magic courses through your body. The river rat bites you.
You die...

.................##..).......$#.
...............#######..........
...............# #..........
..............##########......?.
.............##.≈≈.≈≈†≈#........
.............#≈########..#..##..
.............#≈##≈..≈≈##.#.## .
#............#≈#≈#####.#....
###....#######≈#@# #≈###..#
#.$.##......#≈#r# #†# ....
#.#.##......#≈#≈..≈##≈# ....
#.#.........#≈#######≈# ....
#....#......##≈≈†≈≈[≈## ....
#..#......############ ..
#..............# ..
##..>......###.## . #.........#
#..# .###


You could see a river rat.

Vanquished Creatures
  3 adders (D:2)
  2 river rats (D:3)
  2 worms (D:2)
  2 orcs (D:3)
  6 ball pythons
  6 bats
  An endoplasm (D:1)
  A giant cockroach (D:2)
  A goblin (D:3)
  5 hobgoblins
  4 jackals (D:1)
  5 quokkas
  3 frilled lizards
  2 kobolds (D:2)
  4 rats
47 creatures vanquished.

Notes
Turn   | Place    | Note
-------+----------+-------------------------------------------
     0 | D:1      | ders the Gargoyle Earth Elementalist began the quest for
                  | the Orb.
     0 | D:1      | Reached XP level 1. HP: 10/10 MP: 3/3
   257 | D:1      | Found a faded altar of an unknown god.
   489 | D:1      | Reached XP level 2. HP: 15/15 MP: 3/5
  1058 | D:1      | Reached skill level 1 in Conjurations
  1061 | D:1      | Reached skill level 4 in Earth Magic
  1364 | D:2      | Reached XP level 3. HP: 16/19 MP: 0/6
  1368 | D:2      | Learned a level 3 spell: Stone Arrow
  1469 | D:2      | Found Tirphedgh's Weapon Boutique.
  1829 | D:2      | Reached XP level 4. HP: 24/24 MP: 5/8
  2450 | D:3      | Slain by a river rat

Illustrated notes

Levels and vault maps discovered:
D:1:      lightli_arrival_isolated_outpost, layout_basic,
          nicolae_ecumenical_snake_handling
D:2:      layout_basic, serial_shops, shop
D:3:      layout_rooms, nicolae_overflow_squiral, gup_sewer_entry_spiral,
          uniq_ijyb

Skill      XL: |  1  2  3  4 |
---------------+-------------+-----
Conjurations   | 1 2 |  2.4
Earth Magic    | 4 |  4.7
Spellcasting   | 3 |  3.0
Dodging        | |  1.5
Stealth        | |  2.1
Transmutations | |  0.7

Action                   |  1- 3 |  4- 6 || total
-------------------------+-------+-------++-------
Melee: Unarmed           |    14 |    11 ||    25
 Cast: Sandblast         |    42 |    38 ||    80
       Stone Arrow       |       |     2 ||     2
  Use: Scroll            |       |     6 ||     6
       Potion            |       |     2 ||     2
Armor: Robe              |    10 |     7 ||    17
Dodge: Dodged            |     9 |    22 ||    31

Table legend: (Time is in decaauts)
 A = Elapsed time spent in this place.
 B = Non-inter-level travel time spent in this place.
 C = Inter-level travel time spent in this place.
 D = Time resting spent in this place.
 E = Time spent auto-exploring this place.
 F = Levels seen in this place.
 G = Mean time per level.
                   A        B        C        D        E       F      G
               +--------+--------+--------+--------+--------+-----+--------+
         Total |   2478 |   2320 |    158 |     70 |   1955 |   3 |  826.0 |
       Dungeon |   2478 |   2320 |    158 |     70 |   1955 |   3 |  826.0 |
               +--------+--------+--------+--------+--------+-----+--------+

Top non-repeatable levels by time:
     D:1: 1216 daAuts
     D:2: 973 daAuts
     D:3: 288 daAuts
